 Dungeon Crawl Stone Soup version 0.25-a0-294-gea9b1ad378 (webtiles) character file.

Game seed: 3610674168061700586, levelgen mode: deterministic

34193 Gargoyl the Quickloader (level 13, -4/108 HPs)
             Began as a Centaur Abyssal Knight on Dec 18, 2019.
             Was the Champion of Lugonu.
             Slain by a torpor snail (19 damage)
             ... on level 3 of the Lair of Beasts on Dec 19, 2019.
             The game lasted 00:39:37 (17554 turns).

Gargoyl the Quickloader (Centaur Abyssal Knight)   Turns: 17554, Time: 00:39:38

Health: -4/108     AC: 16    Str: 24    XL:     13   Next: 40%
Magic:  28/29      EV: 11    Int: 11    God:    Lugonu [******]
Gold:   594        SH:  0    Dex:  9    Spells: 12/12 levels left

rFire    . . .     SeeInvis .   v - +1 war axe (chop)
rCold    + . .     Gourm    .   (no shield)
rNeg     + . .     Faith    .   y - +2 ring mail {MR+}
rPois    +         Spirit   .   (no helmet)
rElec    .         Reflect  .   h - +2 cloak (curse)
rCorr    .         Harm     .   A - +2 pair of gloves
MR       +....                  (no barding)
Stlth    ..........             f - amulet "Fentu" {rPois Regen+}
HPRegen  0.68/turn              (no ring)
MPRegen  0.21/turn              o - ring "Fiomuc" {rPois rC+ rN+ MP+9 Str+7 Dex-3}

@: about to teleport, slowed
A: large, hooves 3, deformed body, speed 2, tough skin 3
a: Depart the Abyss, Bend Space, Banish, Corrupt, Enter the Abyss, Brand Weapon
With Distortion, Renounce Religion


You were on level 3 of the Lair of Beasts.
You worshipped Lugonu.
Lugonu was exalted by your worship.
You were not hungry.

You visited 2 branches of the dungeon, and saw 15 of its levels.
You visited the Abyss 1 time.

You collected 1170 gold pieces.
You spent 576 gold pieces at shops.

Inventory:

Hand Weapons
 a - a +1 hand axe
 e - the +2 arbalest "Uladwany" {speed, rF+ Int+4 Dex-5 Stlth+}
   (You found it on level 2 of the Abyss)

   Attacks with this weapon are significantly faster.
   It affects your intelligence (+4).
   It affects your dexterity (-5).
   It protects you from fire.
   It makes you more stealthy.
 v - a +1 war axe of chopping (weapon)
Armour
 h - a cursed +2 cloak (worn)
 y - a +2 ring mail of magic resistance (worn)
 A - a +2 pair of gloves (worn)
Jewellery
 f - the amulet "Fentu" (around neck) {rPois Regen+}
   (You bought it in a shop on level 9 of the Dungeon)

   [amulet of regeneration]

   It protects you from poison.
   It increases your rate of regeneration.
 o - the ring "Fiomuc" (right hand) {rPois rC+ rN+ MP+9 Str+7 Dex-3}
   (You took it off a crimson imp on level 6 of the Dungeon)

   [ring of poison resistance]

   It affects your strength (+7).
   It affects your dexterity (-3).
   It protects you from cold.
   It protects you from poison.
   It protects you from negative energy.
   It affects your magic capacity (+9).
Wands
 j - a wand of flame (19)
 q - a wand of iceblast (10)
 t - a wand of paralysis (9)
 z - a wand of random effects (18)
 D - a wand of disintegration (13)
 E - a wand of scattershot (6)
Scrolls
 b - 2 scrolls of identify
 m - 3 scrolls of teleportation
 p - a scroll of magic mapping
 u - a scroll of fear
 w - 10 scrolls of remove curse
 B - 4 scrolls of fog
Potions
 d - 2 potions of flight {unknown}
 g - 2 potions of might
 i - 3 potions of haste
 l - a potion of lignification
 r - 6 potions of curing
 s - 2 potions of brilliance {unknown}
 x - 2 potions of agility
 F - a potion of resistance
 H - a potion of magic
Comestibles
 c - 36 rations


   Skills:
 + Level 8.6 Fighting
 + Level 6.7 Axes
 + Level 13.2 Crossbows
 * Level 7.9 Armour
 * Level 7.1 Dodging
 * Level 10.6 Invocations


You had 12 spell levels left.
You didn't know any spells.
Your spell library contained the following spells:

 Spells                   Type           Power        Failure   Level  Hunger
 Animate Skeleton         Necr           N/A          45%         1    ##.....
 Beastly Appendage        Tmut           #.....       45%         1    ##.....
 Confusing Touch          Hex            #.....       45%         1    ##.....
 Corona                   Hex            #......      45%         1    ##.....
 Freeze                   Ice            #...         45%         1    ##.....
 Pain                     Necr           #...         45%         1    ##.....
 Sandblast                Erth           #.....       45%         1    ##.....
 Shock                    Conj/Air       #...         45%         1    ##.....
 Summon Small Mammal      Summ           #...         45%         1    ##.....
 Blink                    Tloc           N/A          61%         2    ###....
 Call Imp                 Summ           #.......     61%         2    ###....
 Ensorcelled Hibernation  Hex/Ice        #.....       61%         2    ###....
 Passwall                 Tmut/Erth      #.......     61%         2    ###....
 Poisonous Vapours        Pois/Air       #.....       61%         2    ###....
 Shroud of Golubria       Chrm/Tloc      #.....       61%         2    ###....
 Sticks to Snakes         Tmut           #.......     61%         2    ###....
 Swiftness                Chrm/Air       #.......     61%         2    ###....
 Call Canine Familiar     Summ           #.......     83%         3    ####...
 Confuse                  Hex            #.......     83%         3    ####...
 Dazzling Flash           Conj/Hex       #.....       83%         3    ####...
 Gell's Gravitas          Tloc           #.........   83%         3    ####...
 Inner Flame              Hex/Fire       #.......     83%         3    ####...
 Lesser Beckoning         Tloc           #.........   83%         3    ####...
 Regeneration             Chrm/Necr      #.........   83%         3    ####...
 Spider Form              Tmut/Pois      #.........   83%         3    ####...
 Static Discharge         Conj/Air       #.......     83%         3    ####...
 Stone Arrow              Conj/Erth      #.....       83%         3    ####...
 Summon Guardian Golem    Hex/Summ       #.......     83%         3    ####...
 Teleport Other           Tloc           #.......     83%         3    ####...
 Tukima's Dance           Hex            #.......     83%         3    ####...
 Vampiric Draining        Necr           #.........   83%         3    ####...
 Airstrike                Air            #.........   99%         4    #####..
 Animate Dead             Necr           N/A          99%         4    #####..
 Ice Form                 Ice/Tmut       #.......     99%         4    #####..
 Passage of Golubria      Tloc           N/A          99%         4    #####..
 Petrify                  Tmut/Erth      #.......     99%         4    #####..
 Summon Ice Beast         Ice/Summ       #.......     99%         4    #####..
 Summon Lightning Spire   Summ/Air       #.......     99%         4    #####..
 Blade Hands              Tmut           #.........   100%        5    ######.
 Irradiate                Conj/Tmut      #.........   100%        5    ######.
 Lee's Rapid Deconstruct  Erth           #.........   100%        5    ######.
 Lightning Bolt           Conj/Air       #.........   100%        5    ######.
 Metabolic Englaciation   Hex/Ice        #.........   100%        5    ######.
 Yara's Violent Unravell  Hex/Tmut       #.........   100%        5    ######.
 Hydra Form               Tmut           #.........   100%        6    #######
 Statue Form              Tmut/Erth      #........    100%        6    #######
 Dragon Form              Tmut           #.........   100%        7    #######
 Ring of Flames           Chrm/Fire      #.........   100%        7    #######


Dungeon Overview and Level Annotations

Branches:
Dungeon (11/15)            Temple (0/1) D:7            Lair (4/6) D:11
 Spider (0/4) Lair:3          Orc (0/2) D:10
  Swamp: Lair:2-4    Shoals: Lair:2-4

Altars:
Hepliaklqana
Nemelex Xobeh
Wu Jian
Xom
Yredelemnul
Beogh

Shops:
D:5 }   D:9 =


Innate Abilities, Weirdness & Mutations

You have hooves in place of feet.
Armour fits poorly on your strangely shaped body.
You cover ground very quickly.
You have extremely tough skin. (AC +3)


Message History

You hold your ground!
The elephant barely misses you. The elephant tramples you.
* * * LOW HITPOINT WARNING * * *
You hold your ground!
The elephant barely misses you. x2
The elephant closely misses you.
You feel better. The elephant tramples you.
* * * LOW HITPOINT WARNING * * *
You hold your ground!
The elephant closely misses you. The elephant barely misses you.
The elephant trunk-slaps you but does no damage.
Unknown command.
Space bends around you!
You blink.
The elephant tramples the fungus!
The elephant trunk-slaps the fungus.
As you read the scroll of teleportation, it crumbles to dust.
You feel strangely unstable. The yak gores you!
* * * LOW HITPOINT WARNING * * *
The elephant tramples the fungus!
The fungus is destroyed!
The torpor snail bites you!!
You die...

######..................####.....
####....................#........
#.........##...........##.#......
.......#..##..>........###.......
......######...........##........
.....#########...................
.....#...^#..##..................
...##.#..^.....#......##.........
...#.^...#...^.#@...###..........
.....#...#^..#..Yw#####..........
.....#..###^##..Y## #...........
....##..#.##^###.# #..>........
....##^^≈.≈.^###Y## #...........
....#..≈≈≈≈≈..#.Y.# ##..........
...###.≈...≈^###### ##..........
...P##.'.>.+.# #...........
#...##.#...### ####..†.....


You could see 3 elephants, a torpor snail and a yak.

Vanquished Creatures
  Gastronok (Lair:1)
  Harold (D:6)
  2 hydras
  A queen ant (Lair:3)
  A centaur warrior (D:8)
  3 two-headed ogres
  Nergalle (D:11)
  An unseen horror (D:11)
  2 ugly things
  An orb spider (Lair:3)
  A manticore (D:11)
  2 elephants
  2 cyclopes (D:11)
  Joseph (D:9)
  A yaktaur (D:11)
  A rime drake (Lair:2)
  2 komodo dragons
  A hornet (D:10)
  2 trolls
  6 hippogriffs
  A hippogriff (shapeshifter) (D:8)
  A meliai zombie (D:11)
  Sigmund (D:6)
  2 wraiths
  A spriggan (D:8)
  2 wyverns
  26 yaks
  6 hungry ghosts
  Menkaure (D:5)
  9 soldier ants (Lair:3)
  2 water moccasins
  Duvessa (D:6)
  5 porcupines
  4 phantoms
  5 orc warriors
  A swamp drake (Lair:1)
  3 sky beasts
  2 eyes of draining (D:11)
  3 black bears
  2 ice beasts
  4 necrophages
  14 wolves
  5 centaurs
  8 ogres
  15 crocodiles
  12 bullfrogs
  2 big kobolds
  Dowan (D:7)
  3 scorpions
  8 killer bees
  7 wights
  2 howler monkeys (D:9)
  A bullfrog zombie (D:7)
  8 crimson imps
  12 orc priests
  8 hounds
  6 jellies
  Crazy Yiuf (D:4)
  4 bullfrog skeletons
  6 centaur skeletons
  5 iguanas
  Terence (D:3)
  21 orc wizards
  23 worker ants
  2 hound zombies
  A hound skeleton (D:8)
  A howler monkey zombie (D:11)
  2 worker ant zombies
  A howler monkey skeleton (D:11)
  3 gnolls (D:5)
  21 adders
  5 shadow imps
  2 oozes
  3 adder skeletons
  2 worms (D:3)
  3 dart slugs
  12 leopard geckos
  66 orcs
  5 giant cockroaches
  8 goblins
  11 hobgoblins
  12 jackals
  4 quokkas
  A ball python (D:2)
  8 bats
  24 frilled lizards
  A jackal skeleton (D:6)
  2 jackal zombies
  17 kobolds
  A leopard gecko skeleton (D:7)
  8 rats
514 creatures vanquished.

Vanquished Creatures (others)
  The ghost of qipq the Fighter, a journeyman OgCj of Kikubaaqudgha (D:11)
  3 unseen horrors
  An orc warrior (D:9)
  A wolf (Lair:2)
  12 fungi
  A plant (D:8)
  3 toadstools (D:4)
22 creatures vanquished.

Grand Total: 536 creatures vanquished

Notes
Turn   | Place    | Note
-------+----------+-------------------------------------------
     0 | Abyss:1  | Gargoyl the Centaur Abyssal Knight began the quest for the
                  | Orb.
     0 | Abyss:1  | Reached XP level 1. HP: 19/19 MP: 2/2
    46 | Abyss:2  | Got a polished arbalest
    63 | Abyss:2  | Noticed a shadow
    70 | D:1      | Escaped the Abyss
   155 | D:1      | Reached XP level 2. HP: 26/26 MP: 3/3
   224 | D:1      | Reached * piety under Lugonu
   234 | D:1      | Reached skill level 1 in Dodging
   440 | D:1      | Reached XP level 3. HP: 13/31 MP: 4/4
   798 | D:1      | Identified the +2 arbalest "Uladwany" {speed, rF+ Int+4
                  | Dex-5 Stlth+} (You found it on level 2 of the Abyss)
  1274 | D:2      | Reached ** piety under Lugonu
  1424 | D:2      | Reached XP level 4. HP: 38/38 MP: 5/5
  1586 | D:2      | Reached skill level 1 in Crossbows
  2355 | D:3      | Found a shimmering altar of Xom.
  2357 | D:3      | Noticed Terence
  2362 | D:3      | Killed Terence
  2362 | D:3      | Reached skill level 2 in Crossbows
  2370 | D:3      | Found an ornate altar of the Wu Jian Council.
  2370 | D:3      | Found a basalt altar of Yredelemnul.
  2489 | D:3      | Reached XP level 5. HP: 45/45 MP: 7/7
  2778 | D:3      | Reached *** piety under Lugonu
  3218 | D:4      | Noticed an ogre
  3222 | D:4      | Killed an ogre
  3222 | D:4      | Reached skill level 3 in Crossbows
  3222 | D:4      | Reached XP level 6. HP: 52/52 MP: 8/8
  3829 | D:4      | Reached skill level 4 in Crossbows
  3883 | D:4      | Found a runed translucent door.
  3884 | D:4      | Noticed Crazy Yiuf
  3987 | D:4      | Killed Crazy Yiuf
  4039 | D:5      | Entered Level 5 of the Dungeon
  4183 | D:5      | Noticed Menkaure
  4192 | D:5      | Killed Menkaure
  4192 | D:5      | Reached skill level 5 in Crossbows
  4192 | D:5      | Reached XP level 7. HP: 50/59 MP: 9/9
  4295 | D:5      | Found Imulanuj's Gadget Shoppe.
  4308 | D:5      | Reached skill level 6 in Crossbows
  4342 | D:5      | Reached XP level 8. HP: 66/66 MP: 11/11
  4543 | D:5      | Reached **** piety under Lugonu
  4889 | D:6      | Reached skill level 7 in Crossbows
  5112 | D:6      | Identified the ring "Fiomuc" {rPois rC+ rN+ MP+9 Str+7
                  | Dex-3}
  5151 | D:6      | Found a sparkling altar of Nemelex Xobeh.
  5389 | D:6      | Reached skill level 5 in Invocations
  5390 | D:6      | Reached skill level 8 in Crossbows
  5466 | D:6      | Noticed Sigmund
  5481 | D:6      | Killed Sigmund
  5481 | D:6      | Reached XP level 9. HP: 64/73 MP: 12/12
  5895 | D:7      | Noticed Dowan
  5896 | D:7      | Killed Dowan
  5902 | D:7      | Noticed Harold
  5903 | D:7      | Noticed Duvessa
  5969 | D:6      | Killed Harold
  5969 | D:6      | Reached skill level 5 in Fighting
  5969 | D:6      | Reached skill level 9 in Crossbows
  5972 | D:6      | Killed Duvessa
  6337 | D:7      | Found a hazy altar of Hepliaklqana.
  6342 | D:7      | Reached skill level 10 in Crossbows
  6407 | D:7      | Reached ***** piety under Lugonu
  6596 | D:7      | Found a staircase to the Ecumenical Temple.
  6862 | D:8      | Noticed a purple ugly thing
  6909 | D:7      | Killed a purple ugly thing
  6909 | D:7      | Reached XP level 10. HP: 81/81 MP: 14/14
  7618 | D:8      | Noticed a centaur warrior
  7624 | D:8      | Killed a centaur warrior
  7624 | D:8      | Reached skill level 11 in Crossbows
  7635 | D:8      | Banished an unseen horror
  7982 | D:8      | Reached skill level 5 in Armour
  8147 | D:9      | Noticed Joseph
  8156 | D:9      | Killed Joseph
  8156 | D:9      | Reached skill level 5 in Dodging
  8263 | D:9      | Reached XP level 11. HP: 71/90 MP: 16/16
  8494 | D:9      | Reached skill level 12 in Crossbows
  9834 | D:9      | Found Vuataudi's Jewellery Shoppe.
  9837 | D:9      | Bought the amulet "Fentu" {rPois Regen+} for 576 gold
                  | pieces
  9965 | D:10     | Entered Level 10 of the Dungeon
 10522 | D:10     | Banished an unseen horror
 10632 | D:10     | Noticed a two-headed ogre
 10638 | D:10     | Killed a two-headed ogre
 11048 | D:10     | Found a roughly hewn altar of Beogh.
 11060 | D:10     | Reached ****** piety under Lugonu
 11129 | D:10     | Found a staircase to the Orcish Mines.
 11359 | D:11     | Identified the Guide on Snow and Feathers
 11459 | D:11     | Killed an unseen horror
 11550 | D:11     | Noticed Nergalle
 11784 | D:11     | Killed Nergalle
 11987 | D:11     | Reached XP level 12. HP: 38/100 MP: 18/18
 12113 | D:11     | Identified the Compendium of Ignition and Weightlessness
 12132 | D:11     | Found a staircase to the Lair.
 12164 | D:11     | Noticed a two-headed ogre
 12188 | D:11     | Killed a two-headed ogre
 12196 | D:11     | Reached skill level 5 in Axes
 12342 | D:11     | Noticed a two-headed ogre
 12396 | D:11     | Found a runed translucent door.
 12415 | D:11     | Killed a two-headed ogre
 12993 | D:11     | Noticed qipq's ghost (journeyman OgCj)
 13017 | D:11     | Banished qipq's ghost
 13150 | Lair:1   | Entered Level 1 of the Lair of Beasts
 13175 | Lair:1   | Noticed a six-headed hydra
 13179 | Lair:1   | Killed a six-headed hydra
 13365 | Lair:1   | Noticed Gastronok
 13374 | Lair:1   | Killed Gastronok
 13374 | Lair:1   | Reached skill level 13 in Crossbows
 13512 | Lair:1   | Reached skill level 10 in Invocations
 15146 | Lair:2   | Reached XP level 13. HP: 102/107 MP: 20/20
 16137 | Lair:3   | Found a hole to the Spider Nest.
 17554 | Lair:3   | Slain by a torpor snail

Levels and vault maps discovered:
D:1:      sevenhm_arrival_forest_fort_small_4, layout_basic
D:2:      layout_basic
D:3:      layout_basic, grunt_temple_overflow_open, uniq_terence
D:4:      layout_basic, first_ration, kennysheep_nub, kennysheep_diamond,
          minmay_gold_behind_fungi, minmay_misc_feat_four_crosses,
          uniq_crazy_yiuf_cottage
D:5:      lemuel_ice_spiral_2, layout_basic, serial_shops, shop, uniq_menkaure
D:6:      layout_loops_cross, nemelex_xobeh_ov_fountains_minmay, uniq_sigmund
D:7:      layout_basic, minmay_temple_entry_enclosed_plants, basic_altar,
          minmay_puff, uniq_duvessa, uniq_harold
D:8:      layout_cave_pools, the_bakery, minmay_shattered_shrine
D:9:      layout_roguey, serial_shops, kennysheep_mini_moat,
          grunt_ministairs_10, chequers_jeans, uniq_joseph
D:10:     layout_basic, orc_0_dummy, special_room [special_room_orc],
          fountainhead
D:11:     minmay_the_grid_octo_tiled_squarecenter [minmay_the_grid_octo_toaster,
          minmay_the_grid_octo_tetromino_candy, minmay_the_grid_octo_checkered,
          minmay_the_grid_octo_focus, minmay_the_grid_square_5x5_megaprize_open,
          minmay_the_grid_square_5x5_lines, minmay_the_grid_square_5x5_longway,
          minmay_the_grid_square_5x5_tetrominoes,
          minmay_the_grid_square_5x5_eight_small], layout_basic,
          lair_entry_dummy, ebering_ghost_inner_flame, uniq_nergalle
Lair:1:   lemuel_reptile_caves, layout_chaotic_city, uniq_gastronok
Lair:2:   layout_misc_corridors, chequers_serial_rivers_micro_e
Lair:3:   layout_cave_pods, nicolae_spider_entry_orb_guardian,
          minmay_another_anthill
Lair:4:   layout_regular_city, palyth_hydra_swamp_entry, serial_bayou,
          serial_bayou_pond_d, serial_bayou_lagoon_b, serial_bayou_crossing,
          serial_bayou_shore_b, chequers_serial_rivers_small_b

Skill      XL: |  1  2  3  4  5  6  7  8  9 10 11 12 13 |
---------------+----------------------------------------+-----
Dodging        | 1 2 3 4 5 6 7 |  7.1
Axes           | 2 4 5 6 |  6.7
Crossbows      | 2 3 5 6 8 10 11 12 13 | 13.2
Armour         | 2 3 4 5 6 7 |  7.9
Invocations    | 3 4 5 6 7 8 10 | 10.6
Fighting       | 4 5 6 7 8 |  8.6

Action                   |  1- 3 |  4- 6 |  7- 9 | 10-12 | 13-15 || total
-------------------------+-------+-------+-------+-------+-------++-------
Melee: Hand axe          |    72 |    12 |       |       |       ||    84
       Kick              |     9 |     2 |       |   105 |    88 ||   204
       Arbalest          |       |       |     2 |     7 |       ||     9
       War axe           |       |       |       |   410 |   269 ||   679
 Fire: Arbalest          |    34 |   183 |   241 |   530 |     8 ||   996
Invok: Depart the Abyss  |     1 |       |       |       |       ||     1
       Bend Space        |       |       |     1 |       |     2 ||     3
       Banish            |       |       |       |     7 |     1 ||     8
  Use: Potion            |     1 |       |       |     3 |     3 ||     7
       Scroll            |     3 |    13 |       |    12 |     2 ||    30
  Eat: Chunk             |       |     7 |     6 |    24 |     8 ||    45
       Ration            |       |       |       |     5 |       ||     5
Armor: Leather armour    |    32 |       |       |       |       ||    32
       Scale mail        |     2 |    36 |    51 |   234 |       ||   323
       Ring mail         |       |       |       |   227 |   200 ||   427
Dodge: Dodged            |    51 |    25 |    21 |   377 |   209 ||   683

Table legend:
 A = Non-vault XP
 B = Vault XP
 C = Vault XP percentage of total XP
 D = Non-vault monster count
 E = Vault monster count
 F = Vault count percentage of total count
                 A         B        C        D         E       F
            +---------+---------+-------+---------+---------+-------
      Total |   28909 |   19939 |  40.8 |     379 |     141 |  27.1
            +---------+---------+-------+---------+---------+-------
        D:1 |      65 |       0 |   0.0 |      33 |       0 |   0.0
        D:2 |      58 |       0 |   0.0 |      23 |       0 |   0.0
        D:3 |     127 |      36 |  22.1 |      36 |       1 |   2.7
        D:4 |     351 |      45 |  11.4 |      13 |       2 |  13.3
        D:5 |     991 |     172 |  14.8 |      29 |       1 |   3.3
        D:6 |     785 |    1390 |  63.9 |      24 |       3 |  11.1
        D:7 |     785 |     777 |  49.7 |      17 |       5 |  22.7
        D:8 |    1577 |    2262 |  58.9 |      22 |      10 |  31.2
        D:9 |    3750 |     598 |  13.8 |      63 |       3 |   4.5
       D:10 |    3854 |     109 |   2.8 |      32 |      24 |  42.9
       D:11 |    3691 |    7363 |  66.6 |      25 |      34 |  57.6
     Lair:1 |    4115 |    3833 |  48.2 |      21 |      34 |  61.8
     Lair:2 |    1520 |       0 |   0.0 |       8 |       0 |   0.0
     Lair:3 |    6746 |    3354 |  33.2 |      32 |      24 |  42.9
     Lair:4 |     494 |       0 |   0.0 |       1 |       0 |   0.0
            +---------+---------+-------+---------+---------+-------
